cohdb
Replays
Latest Replays
All Replays
Popular Replays
Top Player Replays
Match Explorer
How It Works
Community
CoH3 Stats
Reddit
Sign in to upload your games and track your stats! →
Sign in with Steam
Match 41036528
Unlisted
Match 41036528
Overview
Messages
Build Orders
End
Construct Barracks
Selects Armored Battlegroup
Riflemen Squad
Selects Veteran Crews
Riflemen Squad
Grenade Package
Riflemen Squad
Mechanized Support Center
M1 Mortar Team
Construct Motor Pool
Selects Strength in Steel
Construct Medical Station
M1 Anti-tank Gun Team
M1 Mortar Team
M1 Anti-tank Gun Team
Selects M8 Scott SPG
M8 Scott SPG
M1918 Browning Automatic Rifles
Designate Forward Repair Station
Engineer Squad
M8 Scott SPG
Selects UNKNOWN (2160077)
M1 Anti-tank Gun Team
Selects M31 Recovery Vehicle
Selects War Machine
Construct Tank Depot
M4A3E8 Sherman Easy Eight
M1 Anti-tank Gun Team
M4A3E8 Sherman Easy Eight
.30 cal Machine Gun
.30 cal Machine Gun
ThatGuy
White_Wolfsage
elmul
Unflushableturd
medivd
Jar Jar Binx
1443943334
Jd577
0
0
Comments
sign in to comment!
No comments posted yet!